 Dungeon Crawl Stone Soup version 0.28.0-53-g5a82cb258f (webtiles) character file.

Game seed: 18441491495248226239

568 MiltankisOP the Changer (level 7, -3/52 HPs)
             Began as a Pale Draconian Transmuter on June 14, 2022.
             Was an Initiate of Sif Muna.
             Slain by a yak (8 damage)
             ... on level 5 of the Dungeon.
             The game lasted 00:11:19 (6158 turns).

MiltankisOP the Changer (Pale Draconian Transmuter) Turns: 6158, Time: 00:11:20

Health: -3/52      AC:  6    Str: 12    XL:     7   Next: 11%
Magic:  0/10       EV: 12    Int: 15    God:    Sif Muna [......]
Gold:   213        SH:  0    Dex: 12    Spells: 9/10 levels left

rFire   . . .      SeeInvis .     - Unarmed
rCold   . . .      Faith    .   (no shield)
rNeg    . . .      Spirit   +   (armour unavailable)
rPois   .          Reflect  .   (helmet currently unavailable)
rElec   .          Harm     .   f - scarf {shadows}
rCorr   .          Rampage  .   (no gloves)
Will    .....                   (boots currently unavailable)
Stlth   ++........              h - amulet of guardian spirit
HPRegen 0.17/turn               (no ring)
MPRegen 0.12/turn               (no ring)

@: appendages
A: horns 2, talons 2, breathe steam, AC +6, unfitting armour, cold-blooded,
steam resistance
a: Breathe Steam, End Transformation, Renounce Religion


You were on level 5 of the Dungeon.
You worshipped Sif Muna.
Sif Muna was noncommittal.
You had temporarily grown beastly horns and talons.
You visited 2 branches of the dungeon, and saw 6 of its levels.

You collected 235 gold pieces.
You spent 22 gold pieces at shops.

Inventory:

Armour
 f - a scarf of shadows (worn)
 j - a +0 pair of boots
Magical Staves
 l - a staff of air
Jewellery
 h - an amulet of guardian spirit (around neck)
 s - an amulet of the acrobat
 t - an amulet of reflection
Wands
 p - a wand of mindburst (12)
 u - a wand of paralysis (8)
Scrolls
 b - a scroll of immolation {unknown}
 c - 2 scrolls of fog {unknown}
 g - a scroll of brand weapon {unknown}
 i - 2 scrolls of teleportation {unknown}
 n - a scroll of magic mapping {unknown}
 q - a scroll of noise {unknown}
 r - a scroll of vulnerability {unknown}
Potions
 a - 2 potions of curing
 d - 3 potions of attraction
 e - a potion of might
 m - a potion of haste {unknown}
 o - a potion of mutation {unknown}


   Skills:
 + Level 1.3 Fighting
 + Level 1.9 Dodging
 - Level 3.1 Stealth
 - Level 3.0 Unarmed Combat
 - Level 2.0 Spellcasting
 - Level 7.0 Transmutations
 - Level 0.2 Evocations


You had 9 spell levels left.
You knew the following spells:

 Your Spells              Type           Power      Damage    Failure   Level
a - Beastly Appendage     Tmut           44%        N/A       1%          1

Your spell library contained the following spells:

 Spells                   Type           Power      Damage    Failure   Level
 Wereblood                Tmut           22%        N/A       1%          2
 Spider Form              Tmut/Pois      12%        N/A       16%         3
 Ice Form                 Ice/Tmut       12%        N/A       45%         4
 Fireball                 Conj/Fire      0%         3d3       99%         5
 Starburst                Conj/Fire      0%         6d3       100%        6
 Malign Gateway           Summ/Tloc      0%         N/A       100%        7
 Ignition                 Fire           0%         3d3       100%        8
 Summon Horrible Things   Summ           0%         N/A       100%        8


Dungeon Overview and Level Annotations

Branches:
Dungeon (5/15)             Temple (1/1) D:4

Altars:
Ashenzari
Cheibriados
Elyvilon
Fedhas
Gozag
Hepliaklqana
Kikubaaqudgha
Makhleb
Nemelex Xobeh
Okawaru
Qazlal
Ru
Sif Muna
Trog
Uskayaw
Vehumet
Wu Jian
Xom
Yredelemnul
Zin
The Shining One

Shops:
D:3 ?

Annotations:
D:5 Edmund


Innate Abilities, Weirdness & Mutations

You have temporarily grown beastly horns and talons.
You can breathe blasts of scalding, opaque steam.
Your pale cyan-grey scales are hard. (AC +6)
You cannot fit into any form of body armour.
You are cold-blooded and may be slowed by cold attacks.
You are immune to the effects of steam.


Message History

2 orcs come into view.
The orc moves out of view.
An orc comes into view. It is wielding a +0 flail.
An orc comes into view. It is wielding a +0 hand axe.
The orc misses you. The orc closely misses you.
A jelly comes into view.
The orc hits you but does no damage.
An orc comes into view. It is wielding a +2 whip of pain.
A gnoll comes into view. It is wielding a +0 flail.
You hit the orc. You claw the orc.
You kill the orc!
Sif Muna accepts your kill. The orc hits you but does no damage.
The gnoll hits you with a +0 flail!
* * * LOW HITPOINT WARNING * * *
You see here a +2 whip of pain.
Casting: Beastly Appendage (safe; 1% risk of failure)
Confirm with . or Enter, or press ? or * to list all spells.
You extend your transformation's duration.
The gnoll hits you with a +0 flail.
* * * LOW HITPOINT WARNING * * *
You hit the gnoll. Your kick misses the gnoll. You headbutt the gnoll.
The gnoll is moderately wounded.
The gnoll hits you with a +0 flail.
* * * LOW HITPOINT WARNING * * *
You hit the gnoll.
The gnoll is heavily wounded.
The yak closely misses you. The gnoll hits you with a +0 flail.
* * * LOW HITPOINT WARNING * * *
An ice beast comes into view.
You closely miss the gnoll. You claw the gnoll.
The gnoll is heavily wounded.
The yak gores you but does no damage. The gnoll barely misses you.
You hit the gnoll. You claw the gnoll.
You kill the gnoll!
Sif Muna accepts your kill. The yak barely misses you.
You see here a +0 flail.
The yak gores you!
You die... .PP

♣P≈P ≈≈♣ ### ≈≈.
..# #.# #.#.#
#@# #Y#
#####.####.
#oo.o..≈≈≈P≈
#J####.≈≈≈≈≈ #.#
.≈≈♣≈P ##o##
≈P≈P≈≈ ..#
####oJo#..≈≈..P#
...##
#.o.h.o..≈P≈≈###


You could see a yak and an orc.

Vanquished Creatures
  Sigmund (D:3)
  A scorpion (D:5)
  A bullfrog skeleton (D:4)
  Terence (D:3)
  Natasha (thrice) (D:4)
  2 iguanas
  A hound skeleton (D:5)
  4 gnolls
  3 adders
  4 worms
  A dart slug (D:1)
  4 orcs
  7 ball pythons
  9 endoplasms
  2 giant cockroaches
  5 hobgoblins
  4 jackals (D:1)
  5 kobolds
  4 quokkas
  4 bats
  4 frilled lizards
  10 goblins
  8 rats
88 creatures vanquished.

Vanquished Creatures (others)
  38 plants (D:5)
38 creatures vanquished.

Grand Total: 126 creatures vanquished

Notes
Turn   | Place    | Note
-------+----------+-------------------------------------------
     0 | D:1      | MiltankisOP the Draconian Transmuter began the quest for
                  | the Orb.
     0 | D:1      | Reached XP level 1. HP: 16/16 MP: 3/3
   377 | D:1      | Reached XP level 2. HP: 23/23 MP: 3/5
   419 | D:1      | Reached skill level 3 in Transmutations
   948 | D:1      | Reached XP level 3. HP: 26/28 MP: 4/6
  1137 | D:1      | Found a faded altar of an unknown god.
  1333 | D:1      | Reached skill level 1 in Stealth
  1534 | D:2      | You fall into a shaft and drop 1 floor!
  1736 | D:3      | Reached skill level 4 in Transmutations
  1738 | D:3      | Reached XP level 4. HP: 13/35 MP: 3/7
  2055 | D:3      | Found Kimpyssa's Magic Scroll Shop.
  2069 | D:3      | Bought a scroll of identify for 22 gold pieces
  2112 | D:3      | Noticed Terence
  2135 | D:3      | Killed Terence
  2510 | D:3      | Noticed Sigmund
  3540 | D:3      | Reached XP level 5. HP: 26/40 MP: 5/8
  3734 | D:3      | Killed Sigmund
  3735 | D:3      | Reached skill level 5 in Transmutations
  3735 | D:3      | Reached XP level 6. HP: 46/47 MP: 7/9
  4154 | D:4      | Found a staircase to the Ecumenical Temple.
  4176 | Temple   | Entered the Ecumenical Temple
  4673 | Temple   | Became a worshipper of Sif Muna the Loreminder
  4800 | D:4      | Noticed Natasha
  4810 | D:4      | Killed Natasha
  5077 | D:4      | Reached skill level 6 in Transmutations
  5201 | D:4      | Noticed Natasha
  5213 | D:4      | Killed Natasha
  5220 | D:4      | Noticed Natasha
  5233 | D:4      | Killed Natasha
  5523 | D:5      | Entered Level 5 of the Dungeon
  5537 | D:5      | Found a glowing golden altar of the Shining One.
  5677 | D:5      | Identified the +3 leather armour of Noughts and Crosses
                  | {*Corrode rElec Dex+2}
  5707 | D:5      | Noticed Edmund
  6065 | D:5      | Your scales start taking on a pale cyan-grey colour.
  6065 | D:5      | Reached XP level 7. HP: 44/52 MP: 8/10
  6065 | D:5      | Gained mutation: You are immune to the effects of steam.
                  | [Pale Draconian growth]
  6116 | D:5      | Noticed a yak
  6139 | D:5      | Reached skill level 7 in Transmutations
  6158 | D:5      | Slain by a yak

Illustrated notes

Levels and vault maps discovered:
D:1:      dpeg_arrival_windows_large_door, layout_loops_ring,
          ebering_ecumenical_altar_ruins, minmay_shallow_snake_nest
D:2:      layout_basic
D:3:      minmay_recursive_quarters, layout_basic, serial_shops, shop,
          portal_sewer_entry_e, grunt_decor_fettered, uniq_sigmund, uniq_terence
D:4:      layout_basic, minmay_temple_entry_wispy, moated_statue, uniq_natasha
D:5:      kennysheep_big_flooded_room, layout_loops_ring,
          mainiacjoe_overflow_six_doors_small,
          grunt_dithmenos_smoke_and_mirrors, serial_bayou, serial_bayou_shore_b,
          serial_bayou_ford_a, serial_bayou_lake_a, serial_bayou_lagoon_a,
          guppyfry_shop_venom, uniq_blork_the_orc, uniq_edmund
Temple:   mainiacjoe_temple_big_plus

Skill      XL: |  1  2  3  4  5  6  7 |
---------------+----------------------+-----
Transmutations | 3 4 5 6 7 |  7.0
Stealth        | 1 2 3 |  3.1
Fighting       | |  1.3
Dodging        | |  1.9
Unarmed Combat | |  3.0
Spellcasting   | |  2.0
Evocations     | |  0.2

Action                   |  1- 3 |  4- 6 |  7- 9 || total
-------------------------+-------+-------+-------++-------
Melee: Unarmed           |   146 |   175 |    13 ||   334
       Kick              |    20 |    39 |     5 ||    64
       Tailslap          |    12 |    23 |     1 ||    36
       Headbutt          |    11 |    25 |     2 ||    38
       Punch             |     2 |     9 |       ||    11
 Cast: Beastly Appendage |    26 |    28 |     3 ||    57
Evoke: Wand              |       |     3 |       ||     3
  Use: Scroll            |       |       |     2 ||     2
 Stab: Sleeping          |     2 |     4 |       ||     6
Armor: Skin              |    56 |    32 |     5 ||    93
Dodge: Dodged            |    93 |    71 |     9 ||   173
